 Dungeon Crawl Stone Soup version 0.30.0-5-g1a98f26d00 (webtiles) character file.

Game seed: 14148637838826992630

8433 jimonade the Spear-Bearer (level 11, -8/78 HPs)
             Began as a Mummy Monk on May 11, 2023.
             Was a Follower of Yredelemnul.
             Mangled by a seven-headed hydra (11 damage)
             ... on level 10 of the Dungeon.
             The game lasted 00:23:29 (10087 turns).

jimonade the Spear-Bearer (Mummy Monk)             Turns: 10087, Time: 00:23:30

Health: -8/78      AC:  8    Str: 18    XL:     11   Next: 9%
Magic:  0/11       EV:  9    Int: 15    God:    Yredelemnul [*.....]
Gold:   410        SH:  0    Dex: 15    Spells: 10/10 levels left

rFire   x . .        a - +2 halberd (protect)
rCold   + . .        (shield currently unavailable)
rNeg    + + +        G - +2 chain mail of Makhleb's Outrage {Int+5 Stlth+}
rPois   ∞            Q - +2 hat
rElec   .            u - scarf {shadows}
rCorr   .            (no gloves)
SInv    .            x - +1 pair of boots
Will    +....        l - amulet of guardian spirit Stlth
                     s - ring of flight
HPRegen 0.33/turn    (no ring)
MPRegen 0.12/turn

%: guardian spirit, faith
@: about to teleport, corroded, flying
A: cold resistance 1, negative energy resistance 3, torment resistance 2, heat
vulnerability 1, in touch with death 1, no potions, faith
a: Renounce Religion, Recall Undead Harvest


You were on level 10 of the Dungeon.
You worshipped Yredelemnul.
Yredelemnul was noncommittal.
You visited 2 branches of the dungeon, and saw 11 of its levels.
You also visited: Ossuary.

You collected 410 gold pieces.

Inventory:

Hand Weapons
 a - a +2 halberd of protection (weapon)
 d - a +0 dagger
 e - a +0 mace
 m - a +0 long sword
 r - a +0 mace
 v - a +2 whip of freezing
 y - a +2 spectral club
 A - a +0 shortbow
 E - a +0 spear
 L - a +0 heavy long sword
 R - a +0 arbalest
Missiles
 n - 3 curare-tipped darts (quivered)
 F - 11 poisoned darts
 N - a throwing net
Armour
 c - an orb of light
 o - a +0 ring mail
 t - a +0 plate armour
 u - a scarf of shadows (worn)
 w - a +0 helmet
 x - a +1 pair of boots (worn)
 z - a +0 robe of willpower
 C - a +2 scale mail of poison resistance
 G - the +2 chain mail of Makhleb's Outrage (worn) {Int+5 Stlth+}
   (You found it on level 6 of the Dungeon)

   Int:       It affects your intelligence (+5).
   Stlth:     It makes you more stealthy.
 I - +0 steam dragon scales
 M - +1 swamp dragon scales
 Q - a +2 hat (worn)
Magical Staves
 J - a staff of conjuration
Jewellery
 l - an amulet of guardian spirit (around neck)
 s - a ring of flight (left hand)
Wands
 i - a wand of iceblast (6)
 q - a wand of flame (10)
 B - a wand of digging (4)
 K - a wand of charming (3)
 P - a wand of acid (3)
Scrolls
 b - a scroll of brand weapon
 f - 2 scrolls of teleportation
 g - a scroll of vulnerability
 h - a scroll of acquirement
 j - a scroll of poison
 k - 3 scrolls of blinking
 p - 2 scrolls of amnesia
 D - 3 scrolls of enchant armour
 H - 2 scrolls of noise
 O - a scroll of magic mapping


   Skills:
 - Level 4.9 Fighting
 - Level 3.4 Maces & Flails
 + Level 11.2 Polearms
 + Level 1.3 Throwing
 + Level 6.7 Armour
 + Level 4.5 Dodging
 + Level 1.0 Invocations


You had 10 spell levels left.
You didn't know any spells.
Your spell library contained the following spells:

 Spells                   Type           Power      Damage    Failure   Level
 Ensorcelled Hibernation  Hex/Ice        0%         N/A       97%         2
 Passwall                 Tmut/Erth      0%         N/A       97%         2
 Static Discharge         Conj/Air       0%         2-2/arc   97%         2
 Call Canine Familiar     Summ           0%         N/A       99%         3
 Portal Projectile        Hex/Tloc       0%         N/A       99%         3
 Swiftness                Air            0%         N/A       99%         3
 Tukima's Dance           Hex            0%         N/A       99%         3
 Airstrike                Air            0%         2d(0-16)  100%        4
 Leda's Liquefaction      Hex/Erth       0%         N/A       100%        4
 Passage of Golubria      Tloc           0%         N/A       100%        4
 Summon Lightning Spire   Summ/Air       0%         N/A       100%        4
 Yara's Violent Unravell  Hex/Tmut       0%         3d3       100%        5


Dungeon Overview and Level Annotations

Branches:
Dungeon (10/15)            Temple (1/1) D:7            Lair (0/5) D:10
Ossuary (visited)
    Orc: D:9-12

Altars:
Ashenzari
Cheibriados
Dithmenos
Fedhas
Gozag
Hepliaklqana
Makhleb
Nemelex Xobeh
Okawaru
Qazlal
Trog
Uskayaw
Vehumet
Wu Jian
Xom
Yredelemnul

Annotations:
D:6 2 runed translucent doors, Blork the orc
D:7 2 transporters, firemarshallily's ghost, novice NaBr
D:9 1 runed translucent door, geeko55's ghost, novice MiFi


Innate Abilities, Weirdness & Mutations

You are immune to poison.
Your flesh is cold resistant. (rC+)
You are immune to negative energy. (rN+++)
You are immune to unholy pain and torment.
You are vulnerable to heat. (rF-)
You are in touch with the powers of death.
You do not drink.
You have a special connection with the divine. (Faith)


Message History

A seven-headed hydra, an orc warrior, a brown ugly thing and an orc wizard come into view.
Found 11 gold pieces, a club, a brown potion and a scroll of noise.
The orc warrior shouts!
The brown ugly thing gurgles horribly!
The orc wizard shouts!
Found 20 gold pieces and a scroll of acquirement.
The orc wizard attacks as you move away!
The orc wizard hits you but does no damage.
Your orc warrior zombie hits the orc wizard.
The orc wizard completely misses your orc warrior zombie.
You completely miss the orc warrior. The brown ugly thing stings you.
The acid corrodes you!
You are splashed with acid!
Your orc warrior zombie hits the orc wizard.
The orc warrior hits you but does no damage.
The orc wizard barely misses your orc warrior zombie.
You can't drink.
Unknown command.
As you read the scroll of teleportation, it crumbles to dust.
You feel strangely unstable. The brown ugly thing stings you.
You are splashed with acid!
The seven-headed hydra bites you but does no damage. x2
The seven-headed hydra bites you!
The seven-headed hydra bites you but does no damage.
The seven-headed hydra bites you!
The seven-headed hydra bites you but does no damage.
The seven-headed hydra bites you.
The orc wizard hits your orc warrior zombie with a +0 dagger.
The orc warrior completely misses you.
You barely miss the orc warrior. The brown ugly thing stings you.
The acid corrodes you!
You are splashed with acid!
The seven-headed hydra closely misses you. x2
The seven-headed hydra completely misses you.
The seven-headed hydra bites you.
* * * LOW HITPOINT WARNING * * *
The seven-headed hydra bites you!
* * * LOW HITPOINT WARNING * * *
The seven-headed hydra bites you!
* * * LOW HITPOINT WARNING * * *
The seven-headed hydra bites you!
You die...
Yredelemnul claims you as an undead slave.

##.# ##..# #..##
### ###)##
#.!#++#?.#.#
#?#....#!#'#####
#......##.....#
+...DoZ'......#
+...@.Z'......#
#..u..o##.....+
#)#....#$#.....#
#.?#++#$.#.....#
### ###.#####
..#


You could see a seven-headed hydra, a brown ugly thing (ally target), an orc
warrior (ally target), an orc wizard (distracted), a friendly komodo dragon
zombie and a friendly orc warrior zombie.

Vanquished Creatures
  Gastronok (D:9)
  Amaemon (D:8)
  Pikel (D:7)
  An orange demon (D:8)
  Maggie (D:7)
  A komodo dragon (D:10)
  2 trolls (D:10)
  4 yaks (D:9)
  3 wyverns
  A steam dragon (D:7)
  Menkaure (D:5)
  2 water moccasins
  A sky beast (D:8)
  2 black bears (D:5)
  An ice beast (D:7)
  3 orc warriors
  2 ogres
  2 lemures (D:7)
  2 centaurs
  8 bullfrogs
  2 scorpions
  5 wights (D:9)
  5 killer bees (D:9)
  An electric eel (D:9)
  3 howler monkeys
  3 hounds
  2 jellies
  A gnoll bouda (D:4)
  An orc priest (D:6)
  Ijyb (D:5)
  An iguana (D:5)
  A sleepcap (D:5)
  2 orc wizards
  A mummy (Ossuary)
  4 gnolls (D:5)
  5 adders
  2 shadow imps
  A white imp (D:6)
  3 ufetubi
  5 dart slugs
  8 orcs
  3 spectral bats (Ossuary)
  9 ball pythons
  8 endoplasms
  9 giant cockroaches
  3 goblins (D:4)
  7 hobgoblins
  13 jackals
  8 kobolds
  4 quokkas
  5 bats
  4 bat simulacra (Ossuary)
  2 frilled lizards (D:1)
  14 gnoll zombies
  3 goblin simulacra (Ossuary)
  7 goblin zombies (Ossuary)
  6 hobgoblin zombies (Ossuary)
  6 kobold simulacra (Ossuary)
  2 kobold zombies (Ossuary)
  4 orc zombies
  3 rats
  4 rat simulacra (Ossuary)
  4 spectral goblins (Ossuary)
  3 spectral kobolds (Ossuary)
  3 spectral rats (Ossuary)
231 creatures vanquished.

Vanquished Creatures (collateral kills)
  A komodo dragon (D:10)
  A wyvern (D:9)
  2 yaks (D:9)
  An orc warrior (D:10)
  A centaur (D:8)
  2 killer bees (D:9)
  A kobold (D:10)
9 creatures vanquished.

Vanquished Creatures (others)
  A spectral orange demon (D:8)
  2 wyvern zombies (D:9)
  A water moccasin zombie (D:9)
  4 yak zombies (D:9)
  A demonspawn zombie (D:8)
  3 bullfrog zombies
  A centaur zombie (D:8)
  A scorpion zombie (D:10)
  A killer bee zombie (D:9)
  A kobold zombie (D:10)
  2 orc zombies (D:8)
18 creatures vanquished.

Grand Total: 258 creatures vanquished

Notes
Turn   | Place    | Note
-------+----------+-------------------------------------------
     0 | D:1      | jimonade the Mummy Monk began the quest for the Orb.
     0 | D:1      | Reached XP level 1. HP: 18/18 MP: 1/1
   159 | D:1      | Reached XP level 2. HP: 15/24 MP: 2/2
   744 | D:1      | Gained mutation: You are in touch with the powers of death.
                  | [Mummy growth]
   744 | D:1      | Reached XP level 3. HP: 29/29 MP: 3/3
  1504 | D:3      | Reached XP level 4. HP: 33/37 MP: 4/4
  1755 | D:3      | Found a faded altar of an unknown god.
  2374 | D:3      | Found a hazy altar of Hepliaklqana.
  2379 | D:3      | Found an iron altar of Okawaru.
  2577 | D:4      | Noticed an ogre
  2596 | D:4      | Killed an ogre
  2597 | D:4      | Reached skill level 1 in Polearms
  2597 | D:4      | Reached skill level 1 in Armour
  2597 | D:4      | Reached XP level 5. HP: 8/42 MP: 1/5
  3408 | D:4      | Identified a scroll of acquirement
  3423 | D:5      | Entered Level 5 of the Dungeon
  3424 | D:5      | Noticed a black bear
  3427 | D:5      | Killed a black bear
  3428 | D:5      | Reached skill level 2 in Polearms
  3428 | D:5      | Reached XP level 6. HP: 49/49 MP: 6/6
  3482 | D:5      | Reached skill level 3 in Polearms
  3485 | D:5      | Noticed Ijyb
  3498 | D:5      | Killed Ijyb
  3499 | D:5      | Reached XP level 7. HP: 19/55 MP: 4/7
  3636 | D:5      | Noticed Menkaure
  3642 | D:5      | Killed Menkaure
  3972 | D:4      | Reached skill level 4 in Polearms
  4417 | D:6      | Found a large runed translucent door.
  4417 | D:6      | Found a large runed translucent door.
  4585 | D:6      | Reached XP level 8. HP: 61/61 MP: 8/8
  4710 | D:6      | Identified the +2 chain mail of Makhleb's Outrage {Int+5
                  | Stlth+}
  4781 | D:6      | Reached skill level 1 in Throwing
  4882 | D:6      | Reached skill level 5 in Polearms
  5522 | D:6      | Noticed Blork the orc
  5586 | D:7      | Noticed Pikel
  5619 | D:7      | Killed Pikel
  5620 | D:7      | Reached skill level 6 in Polearms
  5654 | D:7      | Noticed firemarshallily's ghost (novice NaBr)
  5662 | D:7      | Noticed a moth of wrath
  5670 | D:7      | Found a transporter.
  5673 | D:7      | Found a transporter.
  5676 | D:7      | Found a sand-covered staircase.
  5692 | Ossuary  | Entered an ossuary
  6169 | D:7      | Reached skill level 7 in Polearms
  6169 | D:7      | Reached XP level 9. HP: 29/67 MP: 4/9
  6591 | D:7      | Noticed Maggie
  6632 | D:7      | Killed Maggie
  6633 | D:7      | Reached skill level 8 in Polearms
  6712 | D:7      | Found a staircase to the Ecumenical Temple.
  6754 | Temple   | Entered the Ecumenical Temple
  6806 | Temple   | Became a worshipper of Yredelemnul the Dark
  6806 | Temple   | Reached * piety under Yredelemnul
  6806 | Temple   | Reached ** piety under Yredelemnul
  7188 | D:8      | Noticed an orange demon
  7208 | D:8      | Killed an orange demon
  7209 | D:8      | Noticed Amaemon
  7229 | D:8      | Killed Amaemon
  7230 | D:8      | Reached skill level 9 in Polearms
  7410 | D:8      | Reached skill level 5 in Armour
  7410 | D:8      | Reached XP level 10. HP: 65/73 MP: 7/10
  7849 | D:8      | Found a radiant altar of Vehumet.
  8005 | D:8      | Your ally Amaemon died
  8522 | D:9      | Reached skill level 10 in Polearms
  8714 | D:9      | Found a stormy altar of Qazlal.
  8768 | D:9      | Found a blossoming altar of Fedhas.
  8777 | D:9      | Found a runed translucent door.
  8817 | D:9      | Noticed geeko55's ghost (novice MiFi)
  8830 | D:9      | Noticed Gastronok
  8894 | D:9      | Killed Gastronok
  8895 | D:9      | Reached skill level 1 in Invocations
  9276 | D:9      | Reached skill level 11 in Polearms
  9413 | D:9      | Found a shadowy altar of Dithmenos.
  9662 | D:10     | Entered Level 10 of the Dungeon
  9764 | D:10     | Reached XP level 11. HP: 54/78 MP: 6/11
  9885 | D:10     | Found a staircase to the Lair.
 10082 | D:10     | Noticed a seven-headed hydra
 10082 | D:10     | Noticed a brown ugly thing
 10087 | D:10     | HP: 3/78 [seven-headed hydra (10)]
 10087 | D:10     | Mangled by a seven-headed hydra

Illustrated notes

Levels and vault maps discovered:
D:1:      dreamdust_arrival_beginning_and_end, layout_basic
D:2:      layout_rooms
D:3:      layout_basic, nicolae_overflow_ecumenical_swirl,
          nicolae_overflow_hidden_temple
D:4:      layout_basic
D:5:      layout_loops_ring, uniq_menkaure, uniq_ijyb
D:6:      layout_basic, jmf_multi_god_temple2, uniq_blork_the_orc
D:7:      layout_basic, temple_pool_b, gammafunk_ghost_wrathful_warriors,
          enter_ossuary_3, centaur_isle, uniq_maggie, uniq_pikel
D:8:      layout_basic, general_overflow_altar, uniq_amaemon
D:9:      layout_roguey, mainiacjoe_overflow_swirl,
          nicolae_overflow_crystal_walls, hellmonk_ghost_happy_afterlife,
          kennysheep_small_spiral, uniq_gastronok
D:10:     layout_roguey, grunt_lair_entry_orc_guard_hut,
          lightli_fourway_metalbox
Temple:   nicolae_temple_ecumenical_triangle

Skill      XL: |  1  2  3  4  5  6  7  8  9 10 |
---------------+-------------------------------+-----
Maces & Flails | 3 |  3.4
Fighting       | 4 |  4.9
Polearms       | 1 2 3 4 7 9 11 | 11.2
Armour         | 1 2 3 4 5 6 |  6.7
Dodging        | 3 4 |  4.5
Throwing       | 1 |  1.3
Invocations    | 1 |  1.0

Action                     |  1- 3 |  4- 6 |  7- 9 | 10-12 || total
---------------------------+-------+-------+-------+-------++-------
  Melee: Mace              |   148 |    26 |       |       ||   174
         Halberd           |       |    86 |   424 |   226 ||   736
  Throw: Dart              |       |     2 |     1 |       ||     3
 Invoke: Recall Undead Har |       |       |       |     5 ||     5
    Use: Scroll            |       |     5 |     6 |     1 ||    12
   Stab: Distracted        |       |       |       |     2 ||     2
 Armour: Robe              |    30 |       |       |       ||    30
         Ring mail         |     4 |    18 |       |       ||    22
         Chain mail        |       |    52 |   288 |   106 ||   446
         Plate armour      |       |     1 |       |       ||     1
  Dodge: Dodged            |   119 |    57 |   195 |    69 ||   440
